 Dungeon Crawl Stone Soup version 0.23-a0-650-ga4d50d4 (webtiles) character file.

52 zishaf the Chucker (level 3, -6/35 HPs)
             Began as a Troll Hunter on Jan 5, 2019.
             Mangled by an orc
             ... wielding a +0 war axe
              (12 damage)
             ... on level 2 of the Dungeon.
             The game lasted 00:01:51 (742 turns).

zishaf the Chucker (Troll Hunter)                    Turns: 742, Time: 00:01:51

Health: -6/35      AC:  5    Str: 20    XL:     3   Next: 60%
Magic:  2/2        EV: 10    Int:  7    God:
Gold:   66         SH:  0    Dex: 11    Spells: 2/2 levels left

rFire    . . .     SeeInvis .     - Unarmed
rCold    . . .     Gourm    +   (no shield)
rNeg     . . .     Faith    .   b - +0 robe
rPois    .         Spirit   .   (helmet restricted)
rElec    .         Reflect  .   h - scarf {cloud immunity}
rCorr    .         Harm     .   (gloves unavailable)
MR       .....                  (boots unavailable)
Stlth    +.........             (no amulet)
HPRegen  0.51/turn              (no ring)
MPRegen  0.08/turn              (no ring)

@: no status effects
A: large, unfitting armour, claws 3, fast metabolism 3, gourmand, regeneration
1, shaggy fur 1, tough skin 2
a: no special abilities


You were on level 2 of the Dungeon.
You were completely stuffed.

You visited 1 branch of the dungeon, and saw 2 of its levels.

You collected 66 gold pieces.

Inventory:

Missiles
 c - 5 large rocks (quivered)
 d - 2 throwing nets
Armour
 b - a +0 robe (worn)
 h - a scarf of cloud immunity (worn)
Scrolls
 a - a scroll of remove curse {unknown}
 e - a scroll of teleportation {unknown}
Potions
 i - a potion of lignification {unknown}
 j - a potion of resistance {unknown}
Comestibles
 f - 3 rations
 g - 5 chunks of flesh


   Skills:
 + Level 2.0 Fighting
 + Level 3.9 Throwing
 + Level 2.0 Dodging
 - Level 0.3 Stealth
 * Level 2.0 Unarmed Combat


You had 2 spell levels left.
You didn't know any spells.
Your spell library was empty.

Dungeon Overview and Level Annotations

Branches:
Dungeon (2/15)

Altars:
Okawaru


Innate Abilities, Weirdness & Mutations

You are too large for most types of armour.
You have claws for hands.
Your metabolism is lightning-fast.
You like to eat raw meat.
Your natural rate of healing is unusually fast.
You are covered in fur. (AC +1)
You have very tough skin. (AC +2)


Message History

You see here a jackal corpse.
You claw the jackal!
You kill the jackal!
You closely miss the orc. The jackal bites you.
The orc warrior hits you with a +0 war axe!!
Ouch! That really hurt!
* * * LOW HITPOINT WARNING * * *
An orc priest comes into view. It is wielding a +0 hand axe.
The orc hits you with a +0 war axe.
* * * LOW HITPOINT WARNING * * *
You hear a shout!
You see here a jackal corpse.
You hear a shout!
The jackal barely misses you. The orc closely misses you.
An orc comes into view. It is wielding a +0 club.
The jackal barely misses you. The orc hits you with a +0 war axe!
You die...

#####.## #......#
#......## .#
#.......##.#
#.....#.##.#
#'#+#######.....#.##.#
##.#.....÷.......#..#.#
.o#...........####.#.##
..#...@.......# #.....
#.#.ho........# ##....
#.#.o.........# #....
#.#†########### ##.##
#..o# #># .._.o.....#
#÷# ......#...# #.#
......#...# #.# .....
#...# #.#


You could see an orc warrior, 2 orcs and a jackal.

Vanquished Creatures
  An adder (D:2)
  A worm (D:2)
  A leopard gecko (D:1)
  A ball python (D:1)
  2 giant cockroaches (D:1)
  4 hobgoblins
  7 jackals
  5 bats
  A frilled lizard (D:1)
  4 goblins (D:1)
  4 kobolds (D:1)
  6 rats
37 creatures vanquished.

Notes
Turn   | Place    | Note
-------+----------+-------------------------------------------
     0 | D:1      | zishaf the Troll Hunter began the quest for the Orb.
     0 | D:1      | Reached XP level 1. HP: 19/19 MP: 0/0
   126 | D:1      | Reached skill level 1 in Unarmed Combat
   126 | D:1      | Reached XP level 2. HP: 23/28 MP: 1/1
   484 | D:1      | Reached XP level 3. HP: 35/35 MP: 2/2
   728 | D:2      | Found an iron altar of Okawaru.
   728 | D:2      | Noticed an orc warrior
   742 | D:2      | Mangled by an orc

Vault maps used:
D:1:      dpeg_arrival_oval, minmay_pentomino_z2
D:2:      nicolae_gozag_cash_rules_everything_around_me, old_standard_altar

Skill      XL: |  1  2  3 |
---------------+----------+-----
Unarmed Combat | 1 2 |  2.0
Fighting       | 2 |  2.0
Dodging        | 2 |  2.0
Throwing       | |  3.9
Stealth        | |  0.3

Action                   || total
-------------------------++-------
Melee: Unarmed           ||    99
       Punch             ||     1
 Stab: Sleeping          ||     3
  Eat: Chunk             ||    12
Armor: Robe              ||    37
Dodge: Dodged            ||    55

Table legend:
 A = Non-vault XP
 B = Vault XP
 C = Vault XP percentage of total XP
 D = Non-vault monster count
 E = Vault monster count
 F = Vault count percentage of total count
                 A         B        C        D         E       F
            +---------+---------+-------+---------+---------+-------
      Total |      74 |       1 |   1.3 |      36 |       1 |   2.7
            +---------+---------+-------+---------+---------+-------
        D:1 |      44 |       1 |   2.2 |      27 |       1 |   3.6
        D:2 |      30 |       0 |   0.0 |       9 |       0 |   0.0
            +---------+---------+-------+---------+---------+-------
